 Dungeon Crawl Stone Soup version 0.20.0-10-g0535bb4 (webtiles) character file.

145 Gorglomux the Sneak (level 5, -1/29 HPs)
             Began as a Deep Elf Assassin on June 4, 2017.
             Slain by an orc
             ... wielding a +0 short sword
              (4 damage)
             ... on level 3 of the Dungeon.
             The game lasted 00:03:56 (3370 turns).

Gorglomux the Sneak (Deep Elf Assassin)             Turns: 3370, Time: 00:03:57

Health: -1/29      AC:  3    Str:  8    XL:     5   Next: 6%
Magic:  7/7        EV: 12    Int: 16    God:
Gold:   82         SH:  2    Dex: 17    Spells: 4/4 levels left

rFire    . . .     SeeInvis .   b - +0 blowgun
rCold    . . .     Gourm    .   (no shield)
rNeg     . . .     Faith    .   c - +0 robe
rPois    .         Spirit   .   (no helmet)
rElec    .         Reflect  +   d - +0 cloak
rCorr    .         Harm     .   (no gloves)
MR       .....                  (no boots)
Stlth    ++++......             r - +2 amulet of reflection
Regen    0.1/turn               (no ring)
MPRegen  0.1/turn               (no ring)

@: berserk cooldown, slowed, very slow
A: no striking features
a: no special abilities


You were on level 3 of the Dungeon.
You were not hungry.

You visited 1 branch of the dungeon, and saw 3 of its levels.

You collected 82 gold pieces.

Inventory:

Hand Weapons
 a - a +2 dagger
 b - a +0 blowgun (weapon)
 P - a cursed -2 hunting sling
Missiles
 e - a poisoned needle (quivered)
 E - 27 arrows
Armour
 c - a +0 robe (worn)
 d - a +0 cloak (worn)
Jewellery
 r - a +2 amulet of reflection (around neck)
Wands
 L - a wand of lightning (9/15)
Scrolls
 t - a scroll of enchant weapon {unknown}
 A - a scroll of immolation {unknown}
 D - 2 scrolls of amnesia {unknown}
 H - 2 scrolls of remove curse {unknown}
 M - 2 scrolls of noise {unknown}
 O - a scroll of identify {unknown}
Potions
 u - a potion of heal wounds {unknown}
 B - a potion of experience {unknown}
 C - a potion of berserk rage
 F - a potion of mutation {unknown}
 I - a potion of magic {unknown}
Comestibles
 g - a bread ration
 z - a meat ration
 K - 6 fruits
 Q - 6 chunks of flesh


   Skills:
 - Level 1.5 Fighting
 + Level 4.0 Short Blades
 - Level 2.0 Throwing
 - Level 1.2 Dodging
 + Level 6.6 Stealth


You had 4 spell levels left.
You didn't know any spells.

Dungeon Overview and Level Annotations

Branches:
Dungeon (3/15)

Altars:

Annotations:
D:2 exclusions: door and 1 more exclusion
D:3 exclusion: adder, Sigmund


Message History

You see here a chain mail.
There isn't anything to butcher here.
You start resting.
You are no longer berserk.
You are exhausted.
You feel yourself slow down.
An orc comes into view. It is wielding a short sword.
An orc is nearby!
An orc is nearby!
An orc is nearby!
An orc is nearby!
The orc shouts!
b - a +0 blowgun (weapon)
Firing (i - inventory. (,) - cycle):
f - a curare-tipped needle (quivered)
Press: ? - help, Shift-Dir - straight line, f - orc
Aim: an orc, wielding a short sword You shoot a curare-tipped needle.
The curare-tipped needle barely misses the orc.
The orc hits you with a short sword.
You die...

..##..............@
..##...............
.####..............
######.....##.....
.(.)...#############
###......(.<...)(..#
##...#.....#.......#
#.............(.o[.#
...........#....@..#
...........#....>..#
...........#########
#.........##
##...#...##
#########


You could see an orc.

Vanquished Creatures
  Jessica (D:2)
  4 adders
  2 oozes
  A worm (D:3)
  2 dart slugs
  3 leopard geckos
  3 orcs (D:3)
  A ball python (D:2)
  6 bats
  3 giant cockroaches (D:1)
  3 goblins (D:1)
  4 hobgoblins
  6 jackals
  11 kobolds
  A quokka (D:3)
  5 frilled lizards
  4 rats
60 creatures vanquished.

Vanquished Creatures (others)
  8 toadstools (D:2)
8 creatures vanquished.

Grand Total: 68 creatures vanquished

Notes
Turn   | Place    | Note
-------+----------+-------------------------------------------
     0 | D:1      | Gorglomux the Deep Elf Assassin began the quest for the Orb.
     0 | D:1      | Reached XP level 1. HP: 12/12 MP: 3/3
   119 | D:1      | Reached skill level 5 in Stealth
   136 | D:1      | Reached XP level 2. HP: 3/16 MP: 4/4
   844 | D:1      | Reached XP level 3. HP: 20/20 MP: 5/5
  1087 | D:2      | Noticed Jessica
  1093 | D:2      | Killed Jessica
  1093 | D:2      | Reached skill level 3 in Short Blades
  1195 | D:2      | Reached skill level 6 in Stealth
  1341 | D:2      | Reached XP level 4. HP: 23/25 MP: 6/6
  2817 | D:3      | Noticed Sigmund
  3358 | D:3      | Reached XP level 5. HP: 5/29 MP: 7/7
  3370 | D:3      | Slain by an orc

Skill      XL: |  1  2  3  4 |
---------------+-------------+-----
Stealth        | 5 6 |  6.6
Short Blades   | 3 4 |  4.0
Fighting       | |  1.5
Throwing       | |  2.0
Dodging        | |  1.2

Action                   |  1- 3 |  4- 6 || total
-------------------------+-------+-------++-------
Melee: Dagger            |    78 |   139 ||   217
 Fire: Blowgun           |     4 |    14 ||    18
  Use: Potion            |       |     1 ||     1
 Stab: Sleeping          |     9 |     6 ||    15
  Eat: Chunk             |     1 |     7 ||     8
Armor: Robe              |     8 |    20 ||    28
Dodge: Dodged            |    29 |    73 ||   102
Block: Other             |     3 |     7 ||    10
